 Dungeon Crawl Stone Soup version 0.27-a0-1217-g8a41f320e8 (webtiles) character file.

Game seed: 2646071425787144258

1038 Gargoyl the Skirmisher (level 8, -8/67 HPs)
             Began as a Gnoll Abyssal Knight on June 6, 2021.
             Was a Believer of Lugonu.
             Mangled by an ogre
             ... wielding a +0 giant club
              (16 damage)
             ... on level 5 of the Dungeon.
             The game lasted 00:08:29 (6631 turns).

Gargoyl the Skirmisher (Gnoll Abyssal Knight)       Turns: 6631, Time: 00:08:29

Health: -8/67      AC: 11    Str: 14    XL:     8   Next: 24%
Magic:  12/12      EV:  7    Int: 12    God:    Lugonu [**....]
Gold:   229        SH:  0    Dex: 11    Spells: 13/13 levels left

rFire    . . .     SeeInvis .   a - +1 hand axe
rCold    . . .     Faith    .   (no shield)
rNeg     . . .     Spirit   .   d - +0 chain mail
rPois    .         Reflect  .   m - +0 helmet
rElec    .         Harm     .   (no cloak)
rCorr    .         Rampage  .   (no gloves)
Will     .....                  (no boots)
Stlth    ..........             (no amulet)
HPRegen  0.21/turn              (no ring)
MPRegen  0.13/turn              (no ring)

@: no status effects
A: fangs 1, strong nose, distributed training
a: Renounce Religion, Depart the Abyss, Bend Space


You were on level 5 of the Dungeon.
You worshipped Lugonu.
Lugonu was pleased with you.
You visited 1 branch of the dungeon, and saw 5 of its levels.
You visited the Abyss 1 time.

You collected 229 gold pieces.

Inventory:

Hand Weapons
 a - a +1 hand axe (weapon)
Missiles
 n - a poisoned dart (quivered)
 o - 5 curare-tipped darts
Armour
 d - a +0 chain mail (worn)
 m - a +0 helmet (worn)
Wands
 c - a wand of flame (19)
 e - a wand of paralysis (9)
Scrolls
 b - a scroll of magic mapping
 h - a scroll of amnesia
 i - 2 scrolls of teleportation {unknown}
 k - a scroll of summoning
 p - a scroll of silence {unknown}
Potions
 f - a potion of might
 g - 2 potions of heal wounds
 j - a potion of resistance {unknown}
 l - 3 potions of mutation {unknown}


   Skills:
 + Level 7.3 Fighting
 + Level 3.1 Short Blades
 + Level 3.1 Long Blades
 + Level 5.6 Axes
 + Level 3.1 Maces & Flails
 + Level 3.1 Polearms
 + Level 3.1 Staves
 + Level 3.1 Slings
 + Level 3.1 Bows
 + Level 3.1 Crossbows
 + Level 3.1 Throwing
 + Level 5.6 Armour
 + Level 4.1 Dodging
 + Level 3.1 Stealth
 + Level 3.1 Shields
 + Level 3.1 Unarmed Combat
 + Level 3.1 Spellcasting
 + Level 2.5 Conjurations
 + Level 2.5 Hexes
 + Level 2.5 Summonings
 + Level 2.5 Necromancy
 + Level 2.5 Translocations
 + Level 2.5 Transmutations
 + Level 2.5 Fire Magic
 + Level 2.5 Ice Magic
 + Level 2.5 Air Magic
 + Level 2.5 Earth Magic
 + Level 2.5 Poison Magic
 + Level 5.8 Invocations
 + Level 3.1 Evocations


You had 13 spell levels left.
You didn't know any spells.
Your spell library was empty.

Dungeon Overview and Level Annotations

Branches:
Dungeon (5/15)
 Temple: D:4-7

Altars:
Ashenzari
Gozag
Kikubaaqudgha
Qazlal


Innate Abilities, Weirdness & Mutations

You have very sharp teeth.
Your uncanny sense of smell can sniff out nearby items.
Your experience applies equally to all skills.


Message History

The ogre is lightly wounded.
Throw: 3 darts (poison)
Press: ? - help, Q - select action, (/) - cycle Shift-Dir - straight line, f/p - ogre
Aim: an ogre, wielding a +0 giant club (lightly wounded, poisoned, 75% to hit)
You throw a poisoned dart.
The poisoned dart barely misses the ogre.
Throw: 2 darts (poison)
Press: ? - help, Q - select action, (/) - cycle Shift-Dir - straight line, f/p - ogre
Aim: an ogre, wielding a +0 giant club (lightly wounded, poisoned, 75% to hit)
You throw a poisoned dart. The poisoned dart hits the ogre.
The ogre looks even sicker.
The ogre is lightly wounded.
The ogre barely misses you.
You barely miss the ogre.
The ogre is lightly wounded.
You barely miss the ogre.
The ogre is lightly wounded.
The ogre hits you with a +0 giant club.
You hit the ogre. You bite the ogre.
The ogre is moderately wounded.
The ogre hits you with a +0 giant club!!
You hit the ogre.
The ogre is heavily wounded.
The ogre completely misses you.
Your chain mail prevents you from hitting the ogre.
The ogre is severely wounded.
The ogre hits you with a +0 giant club!!
* * * LOW HITPOINT WARNING * * *
You hit the ogre.
The ogre is almost dead.
The ogre looks more healthy.
Found 18 stones.
You barely miss the ogre.
The ogre is almost dead.
The ogre hits you with a +0 giant club!
* * * LOW HITPOINT WARNING * * *
You hit the ogre but do no damage.
The ogre is almost dead.
The ogre hits you with a +0 giant club!
You die...

#.# #.#..# #. #.# #.....
#.# #.# ##.### ###
#..##.## #.# # #..
...[.. ..### #######(#
..#.# ##.+..
......#.#####.#.###.(###
.....................# #
#@O.......(.((.###
########..####.... #..#
### . ##># . #.# ≈ #.# ≈
#.# ≈ #.# ≈ #.#


You could see an ogre.

Vanquished Creatures
  Grinder (D:5)
  An ogre (D:5)
  A centaur (D:5)
  A water moccasin zombie (D:5)
  2 water moccasin skeletons (D:5)
  2 bullfrog zombies (D:5)
  2 jellies (D:5)
  3 hounds
  A bullfrog skeleton (D:5)
  3 iguanas
  A killer bee zombie (D:5)
  A howler monkey zombie (D:5)
  A gnoll (D:5)
  9 adders
  3 worms
  5 dart slugs
  7 orcs
  4 bats
  5 endoplasms
  A giant cockroach (D:4)
  7 hobgoblins
  2 jackals (D:5)
  4 quokkas
  11 ball pythons
  3 frilled lizards
  5 goblins
  4 kobolds
  4 rats
94 creatures vanquished.

Notes
Turn   | Place    | Note
-------+----------+-------------------------------------------
     0 | Abyss:1  | Gargoyl the Gnoll Abyssal Knight began the quest for the
                  | Orb.
     0 | Abyss:1  | Reached XP level 1. HP: 23/23 MP: 3/3
    62 | Abyss:1  | Noticed a vampire
    63 | D:1      | Escaped the Abyss
   481 | D:1      | Reached * piety under Lugonu
   482 | D:1      | Reached XP level 2. HP: 29/29 MP: 5/5
  1518 | D:2      | Reached XP level 3. HP: 35/35 MP: 6/6
  1550 | D:2      | Found a stormy altar of Qazlal.
  1675 | D:2      | Found a faded altar of an unknown god.
  2532 | D:3      | Reached skill level 1 in Short Blades
  2532 | D:3      | Reached skill level 1 in Long Blades
  2532 | D:3      | Reached skill level 1 in Maces & Flails
  2532 | D:3      | Reached skill level 1 in Polearms
  2532 | D:3      | Reached skill level 1 in Staves
  2532 | D:3      | Reached skill level 1 in Slings
  2532 | D:3      | Reached skill level 1 in Bows
  2532 | D:3      | Reached skill level 1 in Crossbows
  2532 | D:3      | Reached skill level 1 in Throwing
  2532 | D:3      | Reached skill level 1 in Stealth
  2532 | D:3      | Reached skill level 1 in Shields
  2532 | D:3      | Reached skill level 1 in Unarmed Combat
  2532 | D:3      | Reached skill level 1 in Spellcasting
  2532 | D:3      | Reached skill level 1 in Evocations
  2616 | D:3      | Reached ** piety under Lugonu
  2623 | D:3      | Reached XP level 4. HP: 41/41 MP: 7/7
  2840 | D:3      | Reached skill level 1 in Conjurations
  2840 | D:3      | Reached skill level 1 in Hexes
  2840 | D:3      | Reached skill level 1 in Summonings
  2840 | D:3      | Reached skill level 1 in Necromancy
  2840 | D:3      | Reached skill level 1 in Translocations
  2840 | D:3      | Reached skill level 1 in Transmutations
  2840 | D:3      | Reached skill level 1 in Fire Magic
  2840 | D:3      | Reached skill level 1 in Ice Magic
  2840 | D:3      | Reached skill level 1 in Air Magic
  2840 | D:3      | Reached skill level 1 in Earth Magic
  2840 | D:3      | Reached skill level 1 in Poison Magic
  3830 | D:4      | Reached XP level 5. HP: 21/47 MP: 8/8
  4206 | D:4      | Found an opulent altar of Gozag.
  4285 | D:5      | Entered Level 5 of the Dungeon
  4334 | D:5      | Noticed a centaur
  4334 | D:5      | Noticed an ice beast
  4344 | D:5      | Noticed an ogre
  4729 | D:4      | Reached skill level 5 in Invocations
  4729 | D:4      | Reached XP level 6. HP: 50/53 MP: 9/9
  4900 | D:4      | Reached skill level 5 in Axes
  4900 | D:4      | Reached skill level 5 in Armour
  5350 | D:5      | Reached XP level 7. HP: 54/59 MP: 10/10
  5393 | D:5      | Reached skill level 7 in Fighting
  6066 | D:5      | Found a broken altar of Ashenzari.
  6187 | D:5      | Found an ancient bone altar of Kikubaaqudgha.
  6323 | D:5      | Reached XP level 8. HP: 44/67 MP: 12/12
  6441 | D:5      | Noticed Grinder
  6451 | D:5      | Paralysed by Grinder for 6 turns
  6460 | D:5      | Killed Grinder
  6631 | D:5      | Mangled by an ogre

Illustrated notes

Levels and vault maps discovered:
D:1:      ebering_trefoil_twist, layout_basic
D:2:      layout_loops_corners, basic_altar, chequers_ecumenical_altar_twisty,
          grunt_ministairs_9, hangedman_abyss_or_decor_stabs
D:3:      layout_basic, grunt_decor_arrowhead, minmay_misc_feat_square,
          minmay_fractal_squares_gapless_5
D:4:      minmay_door_path, layout_basic,
          nicolae_gozag_cash_rules_everything_around_me
D:5:      layout_basic, lemuel_doored_altar, ashenzari_altar_1,
          lemuel_crystal_altar, tgw_sif, minmay_joined_circles,
          uniq_blork_the_orc, uniq_grinder

Skill      XL: |  1  2  3  4  5  6  7  8 |
---------------+-------------------------+-----
Short Blades   | 1 2 3 |  3.1
Long Blades    | 1 2 3 |  3.1
Maces & Flails | 1 2 3 |  3.1
Polearms       | 1 2 3 |  3.1
Staves         | 1 2 3 |  3.1
Slings         | 1 2 3 |  3.1
Bows           | 1 2 3 |  3.1
Crossbows      | 1 2 3 |  3.1
Throwing       | 1 2 3 |  3.1
Stealth        | 1 2 3 |  3.1
Shields        | 1 2 3 |  3.1
Unarmed Combat | 1 2 3 |  3.1
Spellcasting   | 1 2 3 |  3.1
Evocations     | 1 2 3 |  3.1
Conjurations   | 1 2 |  2.5
Hexes          | 1 2 |  2.5
Summonings     | 1 2 |  2.5
Necromancy     | 1 2 |  2.5
Translocations | 1 2 |  2.5
Transmutations | 1 2 |  2.5
Fire Magic     | 1 2 |  2.5
Ice Magic      | 1 2 |  2.5
Air Magic      | 1 2 |  2.5
Earth Magic    | 1 2 |  2.5
Poison Magic   | 1 2 |  2.5
Dodging        | 3 4 |  4.1
Invocations    | 5 |  5.8
Axes           | 5 |  5.6
Armour         | 5 |  5.6
Fighting       | 7 |  7.3

Action                   |  1- 3 |  4- 6 |  7- 9 || total
-------------------------+-------+-------+-------++-------
Melee: Hand axe          |   117 |   171 |   140 ||   428
       Bite              |     5 |    19 |    14 ||    38
       Punch             |       |     1 |     1 ||     2
Throw: Dart              |       |    14 |    15 ||    29
Invok: Depart the Abyss  |     1 |       |       ||     1
       Bend Space        |       |     1 |       ||     1
Evoke: Wand              |       |       |     4 ||     4
  Use: Potion            |     1 |       |       ||     1
       Scroll            |     7 |     4 |       ||    11
Armor: Leather armour    |    26 |       |       ||    26
       Ring mail         |    44 |       |       ||    44
       Chain mail        |     4 |   156 |   118 ||   278
Dodge: Dodged            |    61 |    75 |    51 ||   187

Table legend: (Time is in decaauts)
 A = Elapsed time spent in this place.
 B = Non-inter-level travel time spent in this place.
 C = Inter-level travel time spent in this place.
 D = Time resting spent in this place.
 E = Time spent auto-exploring this place.
 F = Levels seen in this place.
 G = Mean time per level.
                   A        B        C        D        E       F      G
               +--------+--------+--------+--------+--------+-----+--------+
         Total |   6651 |   6422 |    229 |    535 |   4680 |   6 | 1108.5 |
       Dungeon |   6588 |   6359 |    229 |    535 |   4621 |   5 | 1317.6 |
         Abyss |     63 |     63 |      0 |      0 |     59 |   1 |   63.0 |
               +--------+--------+--------+--------+--------+-----+--------+

Top non-repeatable levels by time:
     D:5: 1939 daAuts
     D:4: 1409 daAuts
     D:2: 1274 daAuts
     D:1: 1145 daAuts
     D:3: 819 daAuts
 Abyss:1: 63 daAuts
